 Dungeon Crawl Stone Soup version 0.27-a0-1137-g3ef0f4ec91 (webtiles) character file.

Game seed: 7838488521774203042

34 wakim the Poker (level 3, -5/28 HPs)
             Began as a Merfolk Gladiator on May 6, 2021.
             Slain by a sky beast (6 damage)
             ... on level 2 of the Dungeon.
             The game lasted 00:05:51 (2268 turns).

wakim the Poker (Merfolk Gladiator)                 Turns: 2268, Time: 00:05:51

Health: -5/28      AC:  5    Str: 14    XL:     3   Next: 31%
Magic:  3/3        EV: 13    Int:  8    God:
Gold:   84         SH:  0    Dex: 15    Spells: 2/2 levels left

rFire    . . .     SeeInvis .   a - +1 trident
rCold    . . .     Faith    +   (no shield)
rNeg     . . .     Spirit   .   b - +0 leather armour
rPois    .         Reflect  .   c - +0 helmet
rElec    .         Harm     .   (no cloak)
rCorr    .         Rampage  .   (no gloves)
Will     .....                  k - +0 pair of boots
Stlth    ++........             n - amulet of faith
HPRegen  0.09/turn              i - ring of flight
MPRegen  0.08/turn              (no ring)

@: flying
A: (nimble swimmer 2), mertail
a: no special abilities


You were on level 2 of the Dungeon.
You visited 1 branch of the dungeon, and saw 3 of its levels.

You collected 84 gold pieces.

Inventory:

Hand Weapons
 a - a +1 trident (weapon)
Missiles
 d - 3 throwing nets (quivered) {=f!f}
 g - 7 boomerangs
 j - 18 poisoned darts
Armour
 b - a +0 leather armour (worn)
 c - a +0 helmet (worn)
 k - a +0 pair of boots (worn)
Jewellery
 i - a ring of flight (left hand)
 n - an amulet of faith (around neck)
Wands
 x - a wand of charming (8)
 y - a wand of paralysis (5)
Scrolls
 l - a scroll of enchant weapon
Potions
 e - a potion of cancellation {unknown}
 f - a potion of lignification {unknown}
 h - a potion of magic {unknown}
 m - a potion of haste {unknown}
 F - a potion of curing


   Skills:
 + Level 2.6 Fighting
 * Level 5.3 Polearms
 + Level 2.3 Throwing
 - Level 4.0 Dodging
 + Level 1.3 Stealth


You had 2 spell levels left.
You didn't know any spells.
Your spell library contained the following spells:

 Spells                   Type           Power      Damage    Failure   Level
 Summon Small Mammal      Summ           0%         N/A       50%         1
 Call Imp                 Summ           0%         N/A       63%         2
 Call Canine Familiar     Summ           0%         N/A       86%         3
 Summon Guardian Golem    Hex/Summ       0%         N/A       86%         3
 Summon Ice Beast         Ice/Summ       0%         N/A       99%         4
 Summon Lightning Spire   Summ/Air       0%         N/A       99%         4


Dungeon Overview and Level Annotations

Branches:
Dungeon (3/15)

Altars:
Cheibriados


Innate Abilities, Weirdness & Mutations

((You are quick and stealthy near water. (Stealth+, EV+, Speed+++)))
Your lower body shifts to a powerful aquatic tail in water.


Message History

The sky beast resists with some effort.
The sky beast misses you. The bat hits you but does no damage.
The bat barely misses you.
You hit the bat.
The bat is moderately wounded.
The bat misses you. The bat hits you but does no damage.
The bat barely misses you. The bat hits you but does no damage.
The bat misses you. The bat misses you. The bat hits you but does no damage.
The bat hits you but does no damage.
You hit the bat.
You kill the bat!
The sky beast flickers out of sight!
Deactivating autopickup; reactivate with Ctrl-A.
A sky beast appears from thin air!
Reactivating autopickup.
The sky beast flickers out of sight!
Deactivating autopickup; reactivate with Ctrl-A.
Something hits you but does no damage. Something hits you but does no damage.
A sky beast appears from thin air!
Reactivating autopickup.
There is a stone staircase leading up here.
The sky beast flickers out of sight!
Deactivating autopickup; reactivate with Ctrl-A.
Something hits you but does no damage.
You fly upwards.
Reactivating autopickup.
There is a stone staircase leading down here.
You start resting.
Something hits you. Something shocks you.
Deactivating autopickup; reactivate with Ctrl-A.
You hit something. Something hits you.
* * * LOW HITPOINT WARNING * * *
Something shocks you.
* * * LOW HITPOINT WARNING * * *
Something hits you.
* * * LOW HITPOINT WARNING * * *
Something shocks you.
You die...

#.##...# #.#.########...
#.##...# #.#.# #.##
#.##...# #.#.###### #.#.
#.##...# #........# #.#.
#.##...# #........# #.#.
#.##...# #........###(#.
#.##...# #........#.#.#.
#.##...#############...#.
########.#.....@...#
#.###.
##......#.#.........#
#.#...
..........#........>#
###.#.##
##.###.####.........#
#.......
#.......##.........#
#.#.....
##...#.#.##.....<...#
#.######
.......#.##.........#
#.......
###.#....##.........#
########
..#......##.........#


There were no monsters in sight!

Vanquished Creatures
  2 worms
  A dart slug (D:1)
  A ball python (D:1)
  3 bats
  An endoplasm (D:2)
  A goblin (D:3)
  4 hobgoblins
  5 jackals (D:1)
  A quokka (D:1)
  A frilled lizard (D:1)
  3 kobolds
  A rat (D:2)
24 creatures vanquished.

Notes
Turn   | Place    | Note
-------+----------+-------------------------------------------
     0 | D:1      | wakim the Merfolk Gladiator began the quest for the Orb.
     0 | D:1      | Reached XP level 1. HP: 16/16 MP: 1/1
    77 | D:1      | Reached XP level 2. HP: 18/23 MP: 2/2
   681 | D:1      | Reached skill level 5 in Polearms
   681 | D:1      | Reached skill level 1 in Stealth
   683 | D:1      | Found a faded altar of an unknown god.
  1291 | D:2      | Reached XP level 3. HP: 28/28 MP: 3/3
  1705 | D:3      | Noticed a sky beast
  1882 | D:3      | Found a snail-covered altar of Cheibriados.
  2268 | D:2      | HP: 1/28 [something (5)]
  2268 | D:2      | Slain by a sky beast

Illustrated notes

Levels and vault maps discovered:
D:1:      dpeg_arrival_leaves_temple_mockup, layout_basic,
          basic_ecumenical_altar, kennysheep_another_room, minivault_4
D:2:      layout_basic
D:3:      layout_loops_ring, slow_altar_1, gammafunk_ghost_stat_death,
          serial_shops, shop, chequers_serial_rivers_small_b, nrook_uturn

Skill      XL: |  1  2 |
---------------+-------+-----
Polearms       | 5 |  5.3
Stealth        | 1 |  1.3
Fighting       | |  2.6
Throwing       | |  2.3
Dodging        | |  4.0

Action                   || total
-------------------------++-------
Melee: Trident           ||    72
Evoke: Wand              ||     5
  Use: Scroll            ||     5
 Stab: Sleeping          ||     2
Armor: Leather armour    ||    22
Dodge: Dodged            ||    35

Table legend: (Time is in decaauts)
 A = Elapsed time spent in this place.
 B = Non-inter-level travel time spent in this place.
 C = Inter-level travel time spent in this place.
 D = Time resting spent in this place.
 E = Time spent auto-exploring this place.
 F = Levels seen in this place.
 G = Mean time per level.
                   A        B        C        D        E       F      G
               +--------+--------+--------+--------+--------+-----+--------+
         Total |   2265 |   1760 |    505 |     94 |   1369 |   3 |  755.0 |
       Dungeon |   2265 |   1760 |    505 |     94 |   1369 |   3 |  755.0 |
               +--------+--------+--------+--------+--------+-----+--------+

Top non-repeatable levels by time:
     D:2: 1141 daAuts
     D:1: 989 daAuts
     D:3: 134 daAuts
